 Dungeon Crawl Stone Soup version 0.18.1-48-g4cf74bf (webtiles) character file.

7424 Eukament the Basher (level 10, -1/81 HPs)
             Began as a Mummy Fighter on Aug 7, 2016.
             Slain by a centaur warrior (2 damage)
             ... on level 12 of the Dungeon.
             The game lasted 00:59:37 (7775 turns).

Eukament the Basher (Mummy Fighter)                 Turns: 7775, Time: 00:59:40

Health: -1/81      AC: 15    Str: 22    XL:     10   Next: 93%
Magic:  16/16      EV:  4    Int:  8    God:
Gold:   428        SH: 12    Dex: 12    Spells: 1 memorised, 11 levels left

rFire  x . .     SeeInvis .     q - +2 mace (drain)
rCold  + + +     Gourm    .     r - +1 plate armour
rNeg   + + +     Faith    .     z - +2 shield of Resistance {rF+ rC+ MR+}
rPois  ∞         Spirit   .     e - +0 helmet
rElec  .         Dismiss  .     (no cloak)
rCorr  .         Reflect  .     (no gloves)
SustAt .         Harm     .     u - +0 pair of boots
MR     ++...                    s - amulet of regeneration
Stlth  ..........               (no ring)
                                y - ring of ice

@: very resistant to hostile enchantments, extremely unstealthy
A: no food or potions, fire vulnerability, cold resistance 1, negative energy
resistance 3, torment resistance, unbreathing
a: no special abilities


You were on level 12 of the Dungeon.
You were not hungry.

You visited 1 branch of the dungeon, and saw 11 of its levels.

You collected 428 gold pieces.

Inventory:

Hand Weapons
 a - a +1 flail
 q - a +2 mace of draining (weapon)
 F - a +1 mace of crushing
Armour
 b - the +1 robe of the Morning {rF+}
   (You found it on level 11 of the Dungeon)

   It protects you from fire.
 e - a +0 helmet (worn)
 r - a +1 plate armour (worn)
 u - a +0 pair of boots (worn)
 z - the +2 shield of Resistance (worn) {rF+ rC+ MR+}
   (You found it on level 13 of the Dungeon)

   It protects you from fire.
   It protects you from cold.
   It affects your resistance to hostile enchantments.
Jewellery
 s - an amulet of regeneration (around neck)
 y - a ring of ice (left hand)
 A - an uncursed ring of magical power
 E - an uncursed amulet of guardian spirit
Wands
 h - a wand of acid (1/15)
 t - a wand of random effects (12/48)
 x - a wand of random effects (10/48)
 C - a wand of iceblast (4/15)
 G - a wand of slowing (15/48)
Scrolls
 c - 3 scrolls of identify
 d - a scroll of magic mapping
 f - a scroll of enchant armour
 j - 3 scrolls of remove curse
 l - a scroll of recharging
 o - a scroll of immolation
 p - a scroll of amnesia
Books
 w - a book of Dreams

   Spells                             Type                      Level
   a - Ensorcelled Hibernation        Hexes/Ice                    2
   b - Silence                        Hexes/Air                    5
   c - Darkness                       Hexes                        6
   d - Shadow Creatures               Summoning                    6
 I - a Young Poisoner's Handbook

   Spells                             Type                      Level
   a - Sting                          Conjuration/Poison           1
   b - Cure Poison                    Poison                       2
   c - Mephitic Cloud                 Conjuration/Poison/Air       3
   d - Olgreb's Toxic Radiance        Poison                       4
   e - Venom Bolt                     Conjuration/Poison           5
Miscellaneous
 i - a plain deck of summoning {drawn: 1}


   Skills:
 - Level 8.3 Fighting
 * Level 10.2 Maces & Flails
 - Level 4.2 Armour
 - Level 0.6 Stealth
 - Level 4.1 Shields
 * Level 4.0 Spellcasting
 * Level 3.8 Summonings
 - Level 0.5 Evocations


You had 11 spell levels left.
You knew the following spells:

 Your Spells              Type           Power        Failure   Level  Hunger
a - Shadow Creatures      Summ           N/A          100%        6    N/A

Dungeon Overview and Level Annotations

Branches:
Dungeon (13/15)            Temple (0/1) D:6
   Lair: D:8-11         Orc: D:9-12      Vaults: D:13-14

Altars:
Cheibriados
Elyvilon
Fedhas
Kikubaaqudgha
Ru
Sif Muna
Trog
Vehumet
Xom
The Shining One

Annotations:
D:6 exclusion: statue


Innate Abilities, Weirdness & Mutations

You do not eat or drink.
Your flesh is vulnerable to fire.
You are immune to poison.
Your flesh is cold resistant.
You are immune to negative energy.
You are immune to unholy pain and torment.
You can survive without breathing.


Message History

You hit the centaur warrior but do no damage.
The centaur warrior is moderately wounded.
The centaur warrior hits you but does no damage.
You block the worker ant's attack.
The hill giant hits you with a giant club!!
Your shield and plate armour prevent you from hitting the centaur warrior.
The centaur warrior is moderately wounded.
The centaur warrior hits you. You block the worker ant's attack.
You block the centaur warrior's attack.
You hit the worker ant. You drain the worker ant!
The worker ant is lightly wounded.
The centaur warrior hits you but does no damage.
The worker ant bites you. You block the hill giant's attack.
You hit the worker ant.
The worker ant is moderately wounded.
The centaur warrior barely misses you. You block the worker ant's attack.
The hill giant hits you with a giant club!!
* * * LOW HITPOINT WARNING * * *
The centaur warrior hits you.
You die...

.# ###'##### #.## ####
#..# #..# .... ##.# ##.#
.... ###'####### #.#
%... #.........#
###.#### .....#
#.........# #..>...###
.....# #...<.....#
#......##. .....+
#.....Cc..#####.........
.....#
#......@a(((..#......###
.....#
#.........###(.......#
.....# #.........#
###......# .....#
'.........# #......#
.....# #.........#
####.### ######
########### #.# ..#
##### ....# ##+####


You could see a hill giant, a centaur warrior and a worker ant.

Vanquished Creatures
  Pikel (D:7)
  A hill giant (D:12)
  2 ugly things (D:12)
  Joseph (D:7)
  A redback zombie (D:12)
  A spriggan (D:7)
  A wyvern (D:13)
  A hungry ghost (D:11)
  A hippogriff (D:11)
  8 yaks
  Menkaure (D:7)
  Duvessa (D:7)
  2 ice beasts
  3 orc warriors
  A slave (D:7)
  An eye of draining (D:8)
  A necrophage (D:11)
  2 ogres
  2 centaurs
  2 big kobolds
  5 giant frogs
  3 scorpions
  2 jellies (D:6)
  3 killer bees (D:6)
  4 howler monkeys
  5 wights (D:11)
  A giant frog zombie (D:5)
  3 centaur zombies
  2 crimson imps
  3 hounds (D:4)
  A giant frog skeleton (D:8)
  A centaur skeleton (D:11)
  3 orc priests
  A gnoll shaman (D:4)
  3 orc wizards
  7 worker ants
  2 iguanas (D:4)
  A hound zombie (D:7)
  6 gnolls
  8 adders
  A shadow imp (D:11)
  2 adder skeletons (D:4)
  A worm (D:2)
  3 dart slugs
  11 giant geckos
  37 orcs
  4 ball pythons
  6 giant cockroaches
  5 hobgoblins
  11 jackals
  15 kobolds
  3 quokkas
  12 bats
  A giant gecko zombie (D:6)
  4 giant newts
  10 goblins
  3 jackal skeletons
  A quokka zombie (D:5)
  6 rats
234 creatures vanquished.

Vanquished Creatures (others)
  A yak (D:11)
  Dowan (D:7)
  A jelly (D:7)
  A worker ant (D:7)
  A giant cockroach (D:7)
5 creatures vanquished.

Grand Total: 239 creatures vanquished

Notes
Turn   | Place    | Note
--------------------------------------------------------------
     0 | D:1      | Eukament the Mummy Fighter began the quest for the Orb.
     0 | D:1      | Reached XP level 1. HP: 18/18 MP: 1/1
   284 | D:1      | Reached XP level 2. HP: 18/24 MP: 2/2
   863 | D:2      | Reached XP level 3. HP: 14/30 MP: 3/3
   918 | D:2      | Reached skill level 2 in Maces & Flails
  1156 | D:2      | Found a white marble altar of Elyvilon.
  1569 | D:2      | Reached XP level 4. HP: 25/37 MP: 4/4
  1956 | D:3      | Found a glowing golden altar of the Shining One.
  2303 | D:3      | Reached XP level 5. HP: 39/43 MP: 5/5
  2414 | D:3      | Reached skill level 3 in Maces & Flails
  2728 | D:4      | Reached skill level 5 in Fighting
  2905 | D:4      | Reached XP level 6. HP: 49/51 MP: 6/6
  2937 | D:4      | Reached skill level 4 in Maces & Flails
  3065 | D:4      | Found a sacrificial altar of Ru.
  3220 | D:4      | Reached XP level 7. HP: 46/57 MP: 7/7
  3301 | D:4      | Reached skill level 5 in Maces & Flails
  3705 | D:5      | Entered Level 5 of the Dungeon
  4140 | D:6      | Found a radiant altar of Vehumet.
  4230 | D:6      | Reached XP level 8. HP: 58/65 MP: 8/8
  4646 | D:6      | Found a staircase to the Ecumenical Temple.
  4814 | D:7      | Noticed Pikel
  4843 | D:7      | Killed Pikel
  4843 | D:7      | Reached skill level 6 in Maces & Flails
  4856 | D:7      | Noticed Joseph
  4878 | D:7      | Killed Joseph
  4878 | D:7      | Reached XP level 9. HP: 12/74 MP: 9/9
  4907 | D:7      | Killed Dowan
  5002 | D:7      | Noticed Duvessa
  5025 | D:7      | Killed Duvessa
  5039 | D:7      | Learned a level 6 spell: Shadow Creatures
  5047 | D:7      | Noticed Menkaure
  5054 | D:7      | Killed Menkaure
  5099 | D:7      | Found a blossoming altar of Fedhas.
  5099 | D:7      | Found a deep blue altar of Sif Muna.
  5477 | D:7      | Reached skill level 1 in Spellcasting
  5477 | D:7      | Reached skill level 1 in Summonings
  5819 | D:8      | Found an ancient bone altar of Kikubaaqudgha.
  5833 | D:8      | Reached skill level 7 in Maces & Flails
  5860 | D:8      | Found a snail-covered altar of Cheibriados.
  6018 | D:8      | Found a bloodstained altar of Trog.
  6098 | D:8      | You fall through a shaft for 3 floors!
  6234 | D:11     | Reached XP level 10. HP: 40/81 MP: 14/14
  6275 | D:11     | Reached skill level 8 in Maces & Flails
  6406 | D:11     | Got an ominously black robe
  6411 | D:11     | Identified the +1 robe of the Morning {rF+} (You found it on level 11 of the Dungeon)
  6560 | D:11     | Found a shimmering altar of Xom.
  6988 | D:12     | Reached skill level 9 in Maces & Flails
  7001 | D:12     | Noticed a brown ugly thing
  7020 | D:12     | Killed a brown ugly thing
  7281 | D:12     | Noticed a hill giant
  7297 | D:12     | Killed a hill giant
  7332 | D:12     | Noticed a purple ugly thing
  7346 | D:12     | Killed a purple ugly thing
  7346 | D:12     | Reached skill level 10 in Maces & Flails
  7764 | D:12     | Noticed a centaur warrior
  7768 | D:12     | Noticed a hill giant
  7775 | D:12     | HP: 1/81 [hill giant/giant club (24)]
  7775 | D:12     | Slain by a centaur warrior

Skill      XL: |  1  2  3  4  5  6  7  8  9 10 |
---------------+-------------------------------+-----
Maces & Flails | 2 3 4 5 6 7 10 | 10.2
Fighting       | 4 5 6 7 8 |  8.3
Shields        | 3 4 |  4.1
Armour         | 3 4 |  4.2
Spellcasting   | 2 4 |  4.0
Summonings     | 2 3 |  3.8
Stealth        | |  0.6
Evocations     | |  0.5

Action                   |  1- 3 |  4- 6 |  7- 9 | 10-12 || total
-------------------------+-------+-------+-------+-------++-------
Melee: Flail             |   154 |   246 |    50 |       ||   450
       Mace              |       |       |   442 |   297 ||   739
Evoke: Wand              |       |     4 |    10 |     1 ||    15
       Deck              |       |       |       |     1 ||     1
  Use: Scroll            |     5 |       |    15 |     5 ||    25
Armor: Scale mail        |   117 |    17 |       |       ||   134
       Chain mail        |       |   155 |    22 |       ||   177
       Plate armour      |       |       |   251 |   170 ||   421
Dodge: Dodged            |    78 |    72 |    79 |    62 ||   291
Block: Shield            |   122 |   145 |   217 |   148 ||   632
